 Dungeon Crawl Stone Soup version 0.32-a0-861-g165e151e72 (webtiles) character file.

Game seed: 16759178301149147799

1694554 EnegeticOcto the Marksgoblin (level 27, 224/224 HPs)
             Began as a Coglin Hexslinger on Mar 28, 2024.
             Was an Initiate of Gozag.
             Escaped with the Orb
             ... and 3 runes on Apr 8, 2024!
             The game lasted 01:47:44 (68615 turns).

EnegeticOcto the Marksgoblin (Coglin Hexslinger)   Turns: 68615, Time: 01:47:45

Health: 224/224    AC: 18    Str:  7    XL:     27
Magic:  44/44      EV: 45    Int: 20    God:    Gozag
Gold:   19951      SH:  8    Dex: 44    Spells: 48/61 levels left

rFire   + + .        X - +3 greatsling "Punk" {acid, rCorr}
rCold   + + +        O - +4 hand cannon "Guhugit" {penet, rC+ Str+2 Dex+2}
rNeg    . . .        B - +1 robe "Nofy" {rPois rF+ rC+}
rPois   +            Z - +3 crown of Dyrovepreva {rElec Int+2 SInv}
rElec   +            L - +2 cloak {Will+}
rCorr   +            G - +2 pair of gloves
SInv    +            U - +2 pair of boots {Fly}
Will    +++..        n - brooch of Shielding {Spirit SH+8}
Stlth   ++           M - +6 ring of dexterity
HPRegen 0.57/turn    a - ring "Udar" {rF+ Str-4 Int+6 Dex+7}
MPRegen 0.29/turn    N - pneumatic assembler {Gadgeteer, rC+ Slay+3}

%: clarity, guardian spirit
@: gold aura, flying
A: off-hand wielding, slow wielding, warmup strikes, no jewellery, clarity, weak
1
0: Orb of Zot
}: 3/15 runes: decaying, silver, gossamer
a: Renounce Religion, Potion Petition, Call Merchant, Bribe Branch


You escaped.
You worshipped Gozag.
Gozag was extremely pleased with you.
You visited 10 branches of the dungeon, and saw 48 of its levels.
You also visited: Ice Cave.

You collected 30411 gold pieces.
You spent 2707 gold pieces at shops.
You paid 7753 gold pieces to Gozag.

Inventory:

Hand Weapons
 O - the +4 hand cannon "Guhugit" (offhand) {penet, rC+ Str+2 Dex+2}
   (You acquired it on level 4 of the Lair of Beasts)

   Str+2:     It affects your strength (+2).
   Dex+2:     It affects your dexterity (+2).
   rC+:       It protects you from cold.
 X - the +3 greatsling "Punk" (weapon) {acid, rCorr}
   (You acquired it on level 3 of the Elven Halls)

   rCorr:     It protects you from acid and corrosion.
Missiles
 c - 22 curare-tipped darts
 x - 2 throwing nets {!f}
Armour
 B - the +1 robe "Nofy" (worn) {rPois rF+ rC+}
   (You took it off an orc on level 6 of the Dungeon)

   rF+:       It protects you from fire.
   rC+:       It protects you from cold.
   rPois:     It protects you from poison.
 G - a +2 pair of gloves (worn)
   (You found it on level 5 of the Lair of Beasts)
 L - a +2 cloak of willpower (worn)
   (You found it on level 1 of the Lair of Beasts)
 U - a +2 pair of boots of flying (worn)
   (You found it on level 4 of the Spider Nest)
 Z - the +3 crown of Dyrovepreva (worn) {rElec Int+2 SInv}
   (You found it on level 2 of the Depths)

   Int+2:     It affects your intelligence (+2).
   rElec:     It insulates you from electricity.
   SInv:      It lets you see invisible.
Gizmo
 N - a pneumatic assembler (installed) {Gadgeteer, rC+ Slay+3}
   (You invented it yourself on level 5 of the Lair of Beasts)

   [pneumatic assembler]

   Gadgeteer: Your evocable items recharge 30% faster and wands have a 30%
   chance to not spend a charge.
   Slay+3:    It affects your accuracy & damage with ranged weapons and melee
   (+3).
   rC+:       It protects you from cold.
Jewellery
 a - the ring "Udar" (right grasper) {rF+ Str-4 Int+6 Dex+7}
   (You took it off a deep elf demonologist on level 3 of the Elven Halls)

   [ring of intelligence]

   Str-4:     It affects your strength (-4).
   Int+6:     It affects your intelligence (+6).
   Dex+7:     It affects your dexterity (+7).
   rF+:       It protects you from fire.
 n - the brooch of Shielding (around neck) {Spirit SH+8}
   (You found it on level 1 of the Swamp)

   [amulet of guardian spirit]

   Spirit:    It causes incoming damage to be divided between your reserves of
   health and magic.
   SH+8:      It affects your SH (+8).
 M - a +6 ring of dexterity (left grasper)
   (You found it on level 2 of the Lair of Beasts)
Wands
 g - a wand of light (43) {@v1}
   (You found it on level 1 of the Lair of Beasts)
 h - a wand of paralysis (11)
   (You took it off Maggie on level 1 of the Lair of Beasts)
 i - a wand of roots (39) {@v2}
   (You found it on level 9 of the Dungeon)
 l - a wand of digging (15) {@v3}
   (You found it on level 1 of the Swamp)
 q - a wand of polymorph (31)
   (You found it on level 5 of the Dungeon)
 r - a wand of flame (78) {@v4}
   (You found it on level 2 of the Dungeon)
 H - a wand of mindburst (26)
   (You found it on level 1 of the Vaults)
Scrolls
 b - 5 scrolls of poison {!r}
 e - 6 scrolls of revelation {@r5 !r}
 f - 2 scrolls of summoning {!r}
 j - 10 scrolls of blinking {@r4}
 o - 3 scrolls of brand weapon
 p - 10 scrolls of teleportation {@r3 !r}
 v - 10 scrolls of vulnerability
 w - 10 scrolls of fog {!r}
 y - a scroll of silence {!r}
 C - 9 scrolls of immolation
 Q - 2 scrolls of torment
 W - 5 scrolls of enchant weapon
 Y - 2 scrolls of fear {!r}
Potions
 d - 16 potions of attraction
 k - 7 potions of ambrosia
 m - 8 potions of resistance
 s - 6 potions of haste {@q4 !q}
 t - 18 potions of heal wounds {@q2 !q}
 u - 7 potions of enlightenment
 z - 7 potions of lignification {@q6}
 A - 26 potions of curing {@q1 !q}
 D - 11 potions of might {@q3 !q}
 E - 6 potions of invisibility
 F - 8 potions of magic
 K - 5 potions of berserk rage
 P - 3 potions of brilliance
 R - 4 potions of mutation
 T - 3 potions of cancellation
Miscellaneous
 I - a tin of tremorstones (2/2)
   (You found it on level 2 of the Spider Nest)
 J - a lightning rod (4/4)
   (You found it on level 5 of the Vaults)
 S - a box of beasts
   (You found it on level 5 of the Vaults)
 V - a phantom mirror
   (You found it on level 12 of the Dungeon)


   Skills:
 - Level 20.0 Fighting
 - Level 20.9 Ranged Weapons
 + Level 17.3 Armour
 - Level 20.0 Dodging
 - Level 3.0 Stealth
 + Level 17.9 Spellcasting
 - Level 5.0 Hexes
 - Level 5.0 Translocations
 - Level 0.8 Fire Magic
 - Level 20.0 Evocations


You had 48 spell levels left.
You knew the following spells:

 Your Spells              Type           Power      Damage    Failure   Level
a - Apportation           Tloc           74%        N/A       1%          1
b - Jinxbite              Hex            74%        N/A       1%          2
c - Maxwell's Portable P  Tloc           37%        2d(11-21) 4%          4
H - Cause Fear            Hex            18%        N/A       4%          4
Y - Blink                 Tloc           74%        N/A       1%          2

Your spell library contained the following spells:

 Spells                   Type           Power      Damage    Failure   Level
 Confusing Touch          Hex            37%        N/A       1%          3
 Sigil of Binding         Hex            37%        N/A       1%          3
 Teleport Other           Tloc           37%        N/A       1%          3
 Tukima's Dance           Hex            37%        N/A       1%          3
 Inner Flame              Hex/Fire       29%        N/A       2%          3
 Freeze                   Ice            68%        1d8       3%          1
 Kiss of Death            Conj/Necr      68%        2d10      3%          1
 Magic Dart               Conj           68%        1d6       3%          1
 Shock                    Conj/Air       68%        1d7       3%          1
 Summon Small Mammal      Summ           68%        N/A       3%          1
 Dazzling Flash           Conj/Hex       54%        N/A       3%          3
 Call Imp                 Summ           34%        N/A       4%          2
 Mercury Vapours          Alch/Air       34%        N/A       4%          2
 Dimensional Bullseye     Hex/Tloc       18%        N/A       4%          4
 Passage of Golubria      Tloc           37%        N/A       4%          4
 Call Canine Familiar     Summ           17%        N/A       10%         3
 Frozen Ramparts          Ice            34%        1d6       10%         3
 Hailstorm                Conj/Ice       17%        3d6       10%         3
 Mephitic Cloud           Conj/Alch/Air  17%        N/A       10%         3
 Summon Ice Beast         Ice/Summ       17%        N/A       10%         3
 Swiftness                Air            17%        N/A       10%         3
 Iskenderun's Mystic Bla Conj/Tloc 27%            2d7        (+2d3     11%         4
 Summon Blazeheart Golem  Fire/Summ      19%        N/A       26%         4
 Airstrike                Air            8%         2d(2-18)  30%         4
 Brom's Barrelling Bould  Conj/Erth      17%        2d4       30%         4
 Dispel Undead            Necr           17%        3d10      30%         4
 Silence                  Hex/Air        13%        N/A       30%         5
 Summon Forest            Summ/Tloc      13%        N/A       30%         5
 Summon Mana Viper        Hex/Summ       27%        N/A       30%         5
 Yara's Violent Unravell  Hex/Alch       13%        3d7       30%         5
 Dispersal                Tloc           18%        N/A       52%         6
 Gell's Gavotte           Tloc           18%        2d(19-28) 52%         6
 Fireball                 Conj/Fire      9%         3d6       58%         5
 Alistair's Intoxication  Alch           11%        N/A       65%         5
 Arcjolt                  Conj/Air       8%         1d18      65%         5
 Borgnjor's Vile Clutch   Necr/Erth      8%         N/A       65%         5
 Freezing Cloud           Conj/Ice/Air   8%         6-21      65%         5
 Iskenderun's Battlesphe  Conj           17%        2d7       65%         5
 Enfeeble                 Hex            18%        N/A       98%         7
 Bombard                  Conj/Erth      8%         9d2       99%         6
 Conjure Ball Lightning   Conj/Air       8%         3x3d6     99%         6
 Death Channel            Necr           8%         N/A       99%         6
 Eringya's Noxious Bog    Alch           8%         4d6       99%         6
 Permafrost Eruption      Ice/Erth       8%         2x4d4     99%         6
 Plasma Beam              Fire/Air       9%         2x1d20    99%         6
 Sculpt Simulacrum        Ice/Alch       8%         N/A       99%         6
 Summon Cactus Giant      Summ           8%         N/A       99%         6
 Monstrous Menagerie      Summ           8%         N/A       100%        7
 Orb of Destruction       Conj           8%         9d6       100%        7
 Ozocubu's Refrigeration  Ice            8%         4d9       100%        7
 Spellforged Servitor     Conj/Summ      8%         N/A       100%        7
 Summon Hydra             Summ           8%         N/A       100%        7
 Lehudib's Crystal Spear  Conj/Erth      8%         10d4      100%        8
 Maxwell's Capacitive Co  Air            8%         ∞         100%        8
 Chain Lightning          Conj/Air       8%         3d11      100%        9
 Dragon's Call            Summ           8%         N/A       100%        9
 Fire Storm               Conj/Fire      9%         8d3       100%        9
 Polar Vortex             Ice            8%         12d1*     100%        9
 Shatter                  Erth           8%         3d10*     100%        9
 Animate Dead             Necr           Unusable   N/A       N/A         4

Dungeon Overview and Level Annotations

Branches:
Dungeon (15/15)            Temple (1/1) D:7            Lair (5/5) D:11
  Swamp (4/4) Lair:2       Spider (4/4) Lair:3        Slime (0/5) Lair:4
    Orc (2/2) D:12            Elf (3/3) Orc:2        Vaults (5/5) D:13
  Crypt (0/3) Vaults:2     Depths (4/4) D:15            Zot (5/5) Depths:4
  IceCv (visited)

Altars:
Ashenzari
Cheibriados
Dithmenos
Elyvilon
Fedhas
Gozag
Hepliaklqana
Kikubaaqudgha
Makhleb
Nemelex Xobeh
Okawaru
Qazlal
Ru
Sif Muna
Trog
Uskayaw
Vehumet
Wu Jian
Xom
Yredelemnul
Zin
The Shining One
Beogh

Shops:
D:5 *   D:7 :   D:15 ([(   Orc:2 =*[*   Elf:1 **:=   Elf:3 :[=(   Vaults:2 =!
Vaults:3 *   Vaults:4 :   Vaults:5 !=

Portals:
Hell: Depths:1 Depths:2 Depths:3 Depths:4
Abyss: Depths:2 Depths:3 Depths:4
Pandemonium: Orc:2 Depths:2
Ziggurat: Depths:4
Trove: Vaults:2 (give 9 potions of haste)

Annotations:
Lair:1 1 runed translucent door, exclusion: door, Uvurr's ghost, journeyman AtWr
Lair:5 exclusion: door
Spider:2 3 runed translucent doors, Syneil's ghost, adept KoEn; ouz's ghost, adept FoFi
Elf:1 20 runed translucent doors
Zot:4 1 runed translucent door, exclusion: door, Hakotaro's ghost, master OpCj


Innate Abilities, Weirdness & Mutations

You can wield a second weapon in your off-hand.
It takes a long time for you to wield or remove held weapons.
Your first few attacks do less damage.
You cannot equip rings or amulets.
You possess an exceptional clarity of mind.
You are weak. (Str -2)


Message History

HP restored.
You see here a +0 dagger.
There is a stone staircase leading up here.
You fly upwards.
There is a stone staircase leading down here.
A soul eater comes into view.
Unknown command.
Unknown command.
You shoot a slug. The slug barely misses the soul eater.
You shoot a sling bullet.
The sling bullet hits the soul eater but does no damage.
The soul eater is splashed with acid!
The acid corrodes the soul eater!
The soul eater is lightly wounded.
You shoot a slug.
The slug pierces through the soul eater!
The soul eater is moderately wounded.
You shoot a sling bullet.
The sling bullet hits the soul eater but does no damage.
The soul eater is splashed with acid.
The soul eater seems to be corroded for longer.
The soul eater is heavily wounded.
You shoot a slug.
The slug pierces through the soul eater.
The soul eater is heavily wounded.
You shoot a sling bullet.
The sling bullet barely misses the soul eater.
You shoot a slug.
The slug pierces through the soul eater!!
The soul eater is almost dead.
You shoot a sling bullet.
The sling bullet hits the soul eater but does no damage.
The soul eater is splashed with acid.
The soul eater seems to be corroded for longer.
You kill the soul eater!
(D) Dungeon (T) Temple (L) Lair (S) Swamp (N) Spider Nest (M) Slime Pits (O) Orcish Mines (E) Elven Halls (V) Vaults (C) Crypt (U) Depths (H) Hell (Z) Zot
Where to? (Tab/Enter - D:1 @ (x,y), ? - help)
There is a stone staircase leading up here.
You fly upwards.
An Orb Guardian comes into view.
There is a stone staircase leading down here.
Unknown command.
Unknown command.
You shoot a slug.
The slug pierces through the Orb Guardian.
The Orb Guardian is lightly wounded.
You shoot a sling bullet. The sling bullet hits the Orb Guardian!
The Orb Guardian is splashed with acid!
The acid corrodes the Orb Guardian!
The Orb Guardian is moderately wounded.
You shoot a slug.
The slug pierces through the Orb Guardian!!
The Orb Guardian is heavily wounded.
You shoot a sling bullet.
The sling bullet closely misses the Orb Guardian.
You shoot a slug.
The slug pierces through the Orb Guardian!!
The Orb Guardian is almost dead.
You shoot a sling bullet. The sling bullet hits the Orb Guardian.
The Orb Guardian is splashed with acid.
The Orb Guardian seems to be corroded for longer.
The Orb Guardian is almost dead.
You block the Orb Guardian's attack.
You shoot a slug.
The slug pierces through the Orb Guardian!
You kill the Orb Guardian!
You shoot a sling bullet.
(D) Dungeon (T) Temple (L) Lair (S) Swamp (N) Spider Nest (M) Slime Pits (O) Orcish Mines (E) Elven Halls (V) Vaults (C) Crypt (U) Depths (H) Hell (Z) Zot
Where to? (Tab/Enter - D:1 @ (x,y), ? - help)
You reach down and open the door.
There is an open door here.
A red devil comes into view. It is wielding a +0 trident.
Unknown command.
Unknown command.
You shoot a slug. The slug closely misses the red devil.
You shoot a sling bullet. The sling bullet hits the red devil!
The red devil is splashed with acid.
The acid corrodes the red devil!
The red devil is heavily wounded.
You shoot a slug. The slug closely misses the red devil.
You shoot a sling bullet.
The sling bullet closely misses the red devil.
You shoot a sling bullet. The sling bullet hits the red devil!
The red devil is splashed with acid.
The red devil is almost dead.
You shoot a slug.
The slug pierces through the red devil!!!
You kill the red devil!
(D) Dungeon (T) Temple (L) Lair (S) Swamp (N) Spider Nest (M) Slime Pits (O) Orcish Mines (E) Elven Halls (V) Vaults (C) Crypt (U) Depths (H) Hell (Z) Zot
Where to? (Tab/Enter - D:1 @ (x,y), ? - help)
You see here 6 stones.
There is a staircase leading out of the dungeon here.
Unknown command.
You have escaped!

#......#.##.# #.#.(........###
##'###.#.##.# #.#.........÷...
#.#.#.#.##.# ##.##'##########.
#.#...#.##.# ##.....# #...
#.#####.##.# #...###########.#l
#........#.####.#..$..........#.
##########.##.........#########.
#.##..(......# ######. ###
#.##..@......# ##'..##. ..#
#.##...>.....###.#).##. ..#
#.##.#######'##.##..##. ..#
#[##.########>.###..##. .##
#.#..#...##..#'#######. .#
#.#.##...'.###......##.
.##########...##...###
#..>...### ..........#..###...#
#......# .#.######.#..###...#
########


There were no monsters in sight!

Vanquished Creatures
  A dread lich (Vaults:5)
  Mennas (Vaults:3)
  A juggernaut (Depths:2)
  the Lernaean hydra (Swamp:4)
  The ghost of Baicef the Spry, a veteran MfIE of the Shining One (Depths:2)
  A Killer Klown (Zot:5)
  Saint Roka (Vaults:3)
  2 curse toes
  Jory (Vaults:4)
  11 golden dragons
  A bone dragon (Depths:4)
  3 doom hounds (Depths:2)
  5 electric golems
  Jorgrun (Orc:1)
  18 tentacled monstrosities
  A lich (Zot:3)
  Asterion (Depths:2)
  A walking earthen tome (Depths:3)
  4 deep elf blademasters (Elf:3)
  3 titans (Zot:3)
  10 quicksilver dragons
  Grunn (Depths:2)
  2 walking divine tomes
  9 Orb Guardians
  4 deep elf master archers (Elf:3)
  2 sphinxes
  7 death cobs
  A thorn hunter (Swamp:4)
  Aizul (Elf:2)
  9 shadow dragons
  Kirke (Swamp:1)
  3 tengu reavers
  14 storm dragons
  2 fenstrider witches (Swamp:3)
  The ghost of crabbyslav the Evocator, an adept CoAr of Gozag (Swamp:1)
  7 protean progenitors
  7 draconian monks
  6 fire giants
  8 draconian knights
  6 deep elf sorcerers
  4 draconian scorchers
  Roxanne (Elf:2)
  4 emperor scorpions
  7 ghost moths
  2 iron dragons
  6 draconian shifters
  2 balrugs
  Louise (Spider:4)
  14 vault wardens
  A reaper (D:5)
  5 draconian stormcallers
  3 draconian annihilators
  7 frost giants
  A demonspawn blood saint (D:5)
  A cacodemon (Zot:5)
  6 deep elf elementalists (Elf:3)
  19 ironbound preservers
  5 orc warlords
  11 very ugly things
  5 ghouls
  2 quicksilver oozes (Zot:2)
  A spriggan defender (Depths:3)
  3 formless jellyfish
  7 ironbound thunderhulks
  15 stone giants
  12 black draconians
  Nessos (Lair:5)
  5 deep elf demonologists
  4 vampire knights
  A demonspawn black sun (D:5)
  6 deep elf annihilators
  4 dire elephants (Vaults:2)
  13 spark wasps
  8 eleionomae
  13 green draconians
  3 war gargoyles
  A lorocyproca (D:5)
  24 yellow draconians
  16 white draconians
  A bunyip (Swamp:3)
  12 red draconians
  6 deep elf death magi
  The ghost of Drangen the Fighter, a journeyman CoHu of Okawaru (D:13)
  The ghost of Emelap the Warrior, a journeyman MiBe of Trog (D:12)
  13 purple draconians
  2 blizzard demons (IceCv)
  A green death (Depths:2)
  2 crystal guardians
  3 rakshasas
  11 fire dragons
  10 yaktaur captains
  4 deep elf high priests
  9 ettins
  A merfolk impaler (Depths:2)
  2 merfolk javelineers
  6 entropy weavers
  Fannar (D:11)
  7 great orbs of eyes
  22 hydras
  9 ice dragons
  6 ghost crabs
  14 alligators
  An ogre mage (D:15)
  A jorogumo (Spider:1)
  26 vault guards
  A spriggan air mage (Depths:1)
  6 ironbound frosthearts
  A demonspawn (Orc:2)
  4 radroaches
  A quicksilver dragon skeleton (Depths:3)
  8 centaur warriors
  Erica (D:10)
  A peacekeeper (Vaults:3)
  25 dancing weapons
  A two-headed ogre (shapeshifter) (Depths:1)
  7 boulder beetles
  8 two-headed ogres
  14 deep troll shamans
  2 death yaks
  A vampire mage (Vaults:2)
  4 tengu warriors (D:15)
  An occultist (Depths:3)
  8 deep troll earth magi
  2 spriggan berserkers
  A shock serpent (shapeshifter) (Vaults:5)
  A skyshark (Lair:5)
  7 orc high priests
  13 demonic crawlers
  A soul eater (D:2)
  6 iron trolls
  15 sun demons
  A cyclops (shapeshifter) (Vaults:5)
  A titan skeleton (Depths:3)
  21 spriggans
  18 deep elf knights
  3 sixfirhies
  A salamander mystic (Depths:4)
  2 skysharks (shapeshifter)
  7 pharaoh ants
  3 skeletal warriors (D:13)
  8 spriggan druids
  72 deep trolls
  A goliath frog (shapeshifter) (Depths:3)
  5 goliath frogs
  10 orb spiders
  A mana viper (shapeshifter) (Depths:4)
  A glowing orange brain (shapeshifter) (Zot:3)
  21 bog bodies
  An obsidian statue (IceCv)
  An orb spider (shapeshifter) (Vaults:5)
  2 flayed ghosts (Depths:3)
  10 spriggan simulacra (IceCv)
  3 sea snakes (Zot:1)
  2 glowing orange brains
  4 steelbarb worms
  3 sun moths
  18 swamp dragons
  A thermic dynamo (Elf:1)
  6 lindwurms
  23 deep elf zephyrmancers
  3 phantasmal warriors
  16 orc knights
  18 deep elf archers
  5 arcanists
  A sea snake (shapeshifter) (Depths:2)
  8 harpies
  26 deep elf pyromancers
  12 orc sorcerers
  23 wolf spiders
  6 necromancers
  6 will-o-the-wisps
  14 ironbound convokers
  5 cyclopes
  21 ugly things
  A tengu skeleton (Depths:3)
  3 salamanders (Depths:4)
  29 moths of wrath
  A moth of wrath (shapeshifter) (Depths:3)
  A shining eye (shapeshifter) (Depths:2)
  A manticore (D:14)
  A toenail golem (Depths:3)
  7 black mambas
  A salamander (shapeshifter) (Vaults:5)
  A shining eye (Depths:4)
  3 meliai (Spider:3)
  A fire giant zombie (Depths:3)
  4 kobold blastminers
  A guardian serpent (Lair:5)
  A rust devil (D:13)
  15 cane toads
  2 orange demons (Zot:5)
  6 torpor snails
  An eye of devastation (Depths:4)
  19 vault sentinels
  2 smoke demons
  2 gargoyles
  An unseen horror (shapeshifter) (Elf:2)
  4 rime drakes
  4 kobold demonologists
  2 unseen horrors
  Maggie (Lair:1)
  7 komodo dragons
  Jeremiah (D:9)
  4 tengu conjurers
  A hellion (Depths:4)
  4 freezing wraiths (IceCv)
  29 yaktaurs
  Psyche (D:9)
  A red devil (D:1)
  5 trolls
  2 polar bears (Lair:5)
  11 ice devils
  3 hellwings
  A merfolk (shapeshifter) (Zot:3)
  30 tarantellas
  2 glass eyes
  13 tyrant leeches
  An alligator simulacrum (IceCv)
  26 hornets
  A dream sheep (Lair:4)
  22 blink frogs
  24 culicivoras
  34 jumping spiders
  16 yaks
  A vampire (D:9)
  5 air elementals (Elf:2)
  29 water elementals
  A shadow (D:11)
  13 slime creatures
  A wraith (D:11)
  3 dire elephant simulacra (IceCv)
  2 fire elementals
  20 humans (D:13)
  15 wyverns
  4 steam dragons
  2 yaks (shapeshifter)
  5 basilisks
  63 redbacks
  8 vampire mosquitoes
  A warg (Elf:1)
  A death yak simulacrum (Lair:5)
  2 hogs (Swamp:1)
  The ghost of TISL the Conjurer, an amateur DgCj (D:4)
  A chaos spawn (Orc:2)
  A harpy simulacrum (IceCv)
  8 minotaur simulacra (IceCv)
  Menkaure (D:5)
  14 swamp worms
  7 acid dragons
  24 water moccasins
  A hell hound (Depths:4)
  43 orc warriors
  8 swamp drakes (Swamp:4)
  2 black bears
  An ice beast (D:5)
  A small abomination (Swamp:1)
  A sky beast (D:8)
  2 ettin simulacra (IceCv)
  12 ogres
  4 boggarts (Vaults:1)
  13 centaurs
  10 wolves
  14 kobold brigands
  4 gnoll sergeants
  9 bullfrogs
  4 scorpions
  4 deep troll simulacra (IceCv)
  3 earth elementals
  A wyvern skeleton (D:4)
  A wyvern zombie (D:4)
  9 wights
  6 killer bees (D:7)
  2 lindwurm simulacra (IceCv)
  An electric eel (Lair:4)
  A bombardier beetle (D:5)
  18 howler monkeys
  3 jellies
  41 orc priests
  Crazy Yiuf (D:2)
  5 hounds
  4 iguanas
  Natasha (thrice) (D:2)
  2 hell rats (Lair:5)
  24 orc wizards
  A howler monkey zombie (D:4)
  15 gnolls
  5 adders
  2 white imps
  A hell rat simulacrum (Lair:5)
  4 ufetubi
  3 ribbon worms
  A dart slug (D:5)
  101 orcs
  9 endoplasms
  6 giant cockroaches
  6 goblins
  8 hobgoblins
  43 kobolds
  4 quokkas
  6 ball pythons
  4 bats
  5 frilled lizards
  6 rats
  An aspiring flesh (Zot:3)
2206 creatures vanquished.

Vanquished Creatures (collateral kills)
  2 Orb Guardians (Zot:5)
  2 tengu reavers (Vaults:5)
  A storm dragon (Vaults:5)
  The ghost of Noufimio the Imperceptible, an adept KoBr of Wu Jian (Swamp:1)
  2 frost giants (Vaults:5)
  A vault warden (Vaults:5)
  A very ugly thing (Vaults:5)
  2 stone giants (Vaults:5)
  A war gargoyle (Vaults:5)
  3 ettins (Vaults:5)
  A yaktaur captain (Vaults:5)
  4 vault guards (Vaults:5)
  An ogre mage (Vaults:5)
  2 deep troll earth magi (Vaults:5)
  2 moths of wrath (Zot:5)
  A yaktaur (Vaults:5)
  A dream sheep (shapeshifter) (Vaults:5)
28 creatures vanquished.

Vanquished Creatures (others)
  A dread lich (Zot:5)
  An ancient lich (Vaults:5)
  3 Killer Klowns (Zot:5)
  An electric golem (Zot:5)
  2 Orb Guardians (Zot:5)
  A lich (Vaults:5)
  3 titans (Vaults:5)
  A death cob (Zot:5)
  A storm dragon (Zot:4)
  A tengu reaver (Vaults:5)
  4 vault wardens (Vaults:5)
  A frost giant (Vaults:5)
  A deep elf demonologist (Vaults:5)
  A war gargoyle (Vaults:5)
  An ettin (Vaults:5)
  3 yaktaur captains (Vaults:5)
  5 vault guards (Vaults:5)
  2 ogre magi (Vaults:5)
  A shock serpent (shapeshifter) (Vaults:5)
  An ironbound convoker (Vaults:5)
  2 deep elf pyromancers
  A phantasmal warrior (Vaults:5)
  7 yaktaurs (Vaults:5)
  A centaur simulacrum (D:15)
  A swamp worm (Swamp:3)
  An orc wizard (D:8)
  A butterfly (Depths:4)
  9 foxfires
58 creatures vanquished.

Grand Total: 2292 creatures vanquished

Notes
Turn   | Place    | Note
-------+----------+-------------------------------------------
     0 | D:1      | EnegeticOcto the Coglin Hexslinger began the quest for the
                  | Orb.
     0 | D:1      | Reached XP level 1. HP: 15/15 MP: 2/2
    82 | D:1      | Reached skill level 2 in Ranged Weapons
   134 | D:1      | Reached XP level 2. HP: 21/21 MP: 3/3
   146 | D:1      | Reached skill level 1 in Stealth
   773 | D:2      | Reached XP level 3. HP: 26/26 MP: 4/4
   965 | D:2      | Found a runed translucent door.
   966 | D:2      | Noticed Crazy Yiuf
  1332 | D:2      | Noticed Natasha
  1824 | D:3      | Reached skill level 3 in Ranged Weapons
  1824 | D:3      | Reached skill level 2 in Stealth
  1824 | D:3      | Reached XP level 4. HP: 28/32 MP: 5/5
  1910 | D:3      | Noticed a black bear
  2939 | D:3      | Found a shimmering altar of Xom.
  2968 | D:4      | Found a bloodstained altar of Trog.
  2992 | D:4      | Reached XP level 5. HP: 27/37 MP: 6/6
  3107 | D:4      | Reached skill level 3 in Stealth
  3258 | D:4      | Found a shimmering blue altar of Sif Muna.
  3290 | D:4      | Reached skill level 4 in Ranged Weapons
  3344 | D:4      | Reached XP level 6. HP: 35/43 MP: 7/7
  3460 | D:4      | Reached skill level 5 in Ranged Weapons
  3546 | D:4      | Found a transporter.
  3548 | D:4      | Noticed TISL's ghost (amateur DgCj)
  3549 | D:4      | Found a transporter.
  5142 | D:3      | Reached XP level 7. HP: 32/48 MP: 8/8
  5408 | D:5      | Entered Level 5 of the Dungeon
  5418 | D:5      | Reached skill level 6 in Ranged Weapons
  5531 | D:5      | Found Vekevodo's General Store.
  5540 | D:5      | Bought a wand of paralysis (4) for 105 gold pieces
  5540 | D:5      | Bought a potion of haste for 110 gold pieces
  5754 | D:5      | Learned a level 2 spell: Blink
  5757 | D:5      | Learned a level 2 spell: Jinxbite
  5788 | D:5      | Found an ornate altar of the Wu Jian Council.
  5817 | D:5      | Reached skill level 2 in Fighting
  6294 | D:5      | Reached skill level 3 in Fighting
  6420 | D:5      | Reached XP level 8. HP: 58/58 MP: 6/9
  6453 | D:5      | Found a hazy altar of Hepliaklqana.
  6461 | D:5      | Reached skill level 7 in Ranged Weapons
  6601 | D:5      | Noticed Menkaure
  6606 | D:5      | Killed Menkaure
  6607 | D:5      | Reached skill level 4 in Fighting
  6779 | D:5      | Found a basalt altar of Yredelemnul.
  7092 | D:6      | Reached skill level 8 in Ranged Weapons
  7205 | D:6      | Reached skill level 9 in Ranged Weapons
  7208 | D:6      | Reached XP level 9. HP: 65/65 MP: 5/10
  7406 | D:6      | Reached skill level 10 in Ranged Weapons
  7916 | D:6      | Reached skill level 11 in Ranged Weapons
  8038 | D:6      | Identified the +1 robe "Nofy" {rPois rF+ rC+}
  8363 | D:6      | Noticed a two-headed ogre
  8365 | D:6      | Reached XP level 10. HP: 71/71 MP: 8/11
  8528 | D:6      | Reached skill level 12 in Ranged Weapons
  9146 | D:7      | Found Honia's Tremendous Tomes.
  9193 | D:7      | Found a staircase to the Ecumenical Temple.
  9274 | Temple   | Entered the Ecumenical Temple
  9287 | Temple   | Became a worshipper of Gozag Ym Sagoz the Greedy
  9499 | D:5      | Bought a scroll of immolation for 44 gold pieces
  9540 | D:6      | Killed a two-headed ogre
  9541 | D:6      | Reached skill level 13 in Ranged Weapons
 10438 | D:8      | Learned a level 4 spell: Cause Fear
 10538 | D:8      | Reached skill level 2 in Dodging
 10722 | D:8      | Reached skill level 1 in Evocations
 11044 | D:8      | Reached skill level 1 in Translocations
 11233 | D:8      | Reached skill level 2 in Evocations
 11435 | D:8      | Found a glowing silver altar of Zin.
 12016 | D:8      | Reached XP level 11. HP: 74/78 MP: 12/12
 12208 | D:9      | Noticed a two-headed ogre
 12221 | D:9      | Killed a two-headed ogre
 12222 | D:9      | Reached skill level 3 in Dodging
 12222 | D:9      | Reached skill level 2 in Translocations
 12222 | D:9      | Reached skill level 3 in Evocations
 12687 | D:9      | Reached skill level 5 in Fighting
 13062 | D:9      | Noticed Psyche
 13115 | D:9      | Noticed Jeremiah
 13125 | D:9      | Reached skill level 4 in Evocations
 13293 | D:8      | Reached skill level 3 in Translocations
 13409 | D:9      | Killed Jeremiah
 13759 | D:10     | Entered Level 10 of the Dungeon
 13771 | D:10     | Noticed a soul eater
 13773 | D:10     | Noticed a sixfirhy
 13859 | D:10     | Noticed a sixfirhy
 13866 | D:10     | Noticed a two-headed ogre
 13880 | D:10     | Killed a two-headed ogre
 13881 | D:10     | Reached skill level 4 in Dodging
 13881 | D:10     | Reached skill level 5 in Evocations
 14031 | D:10     | Reached skill level 14 in Ranged Weapons
 14045 | D:10     | Reached skill level 4 in Translocations
 14262 | D:10     | Noticed Erica
 14392 | D:10     | Found an ancient bone altar of Kikubaaqudgha.
 14444 | D:10     | Reached skill level 6 in Fighting
 14600 | D:10     | Found an iron altar of Okawaru.
 15354 | D:11     | Reached skill level 6 in Evocations
 15356 | D:11     | Noticed Fannar
 15475 | D:11     | Killed Fannar
 15476 | D:11     | Reached skill level 3 in Hexes
 15624 | D:11     | Reached XP level 12. HP: 89/89 MP: 14/14
 15645 | D:11     | Found a roughly hewn altar of Beogh.
 15837 | D:11     | Reached skill level 5 in Dodging
 15934 | D:11     | Reached skill level 2 in Spellcasting
 15953 | D:11     | Found a staircase to the Lair.
 16248 | Lair:1   | Entered Level 1 of the Lair of Beasts
 16307 | Lair:1   | Noticed Maggie
 16314 | Lair:1   | Killed Maggie
 16315 | Lair:1   | Reached skill level 7 in Evocations
 16406 | Lair:1   | Reached skill level 7 in Fighting
 16652 | Lair:1   | Reached skill level 3 in Spellcasting
 17447 | D:11     | Reached skill level 4 in Hexes
 17545 | Lair:1   | Reached skill level 8 in Evocations
 17588 | Lair:1   | Reached skill level 6 in Dodging
 18471 | Lair:1   | Found a runed translucent door.
 18472 | Lair:1   | Found a shimmering altar of Xom.
 18473 | Lair:1   | Noticed Uvurr's ghost (journeyman AtWr)
 18645 | Lair:2   | Noticed a death yak
 18720 | Lair:1   | Killed a death yak
 18889 | Lair:2   | Reached skill level 8 in Fighting
 18916 | Lair:2   | Reached skill level 5 in Hexes
 19424 | Lair:2   | Found a staircase to the Swamp.
 19888 | Lair:3   | Identified the +6 mace of the Solstice {speed, rPois
                  | Stlth+}
 19986 | Lair:3   | Reached XP level 13. HP: 99/99 MP: 16/18
 20045 | Lair:3   | Reached skill level 7 in Dodging
 20197 | Lair:3   | Found a hole to the Spider Nest.
 20438 | Lair:3   | Reached skill level 5 in Translocations
 20446 | Lair:3   | Reached skill level 4 in Spellcasting
 20454 | Lair:3   | Reached skill level 9 in Fighting
 20885 | Lair:4   | Found a staircase to the Slime Pits.
 21710 | Lair:4   | Identified a scroll of acquirement
 21711 | Lair:4   | Acquired the +4 hand cannon "Guhugit" {penet, rC+ Str+2
                  | Dex+2}
 21760 | Lair:5   | Entered Level 5 of the Lair of Beasts
 21788 | Lair:5   | Reached skill level 8 in Dodging
 22067 | Lair:5   | Reached skill level 10 in Fighting
 22501 | Lair:5   | Noticed Nessos
 22506 | Lair:5   | Killed Nessos
 22613 | Lair:5   | Reached skill level 15 in Ranged Weapons
 22955 | Lair:5   | Reached XP level 14. HP: 69/110 MP: 20/20
 23023 | Lair:5   | Acquired a pneumatic assembler {Gadgeteer, rC+ Slay+3}
 23442 | Lair:5   | Reached skill level 16 in Ranged Weapons
 24578 | D:2      | Killed Natasha
 24686 | D:2      | Killed Crazy Yiuf
 24921 | D:2      | Noticed Natasha
 24924 | D:2      | Killed Natasha
 24953 | D:2      | Noticed Natasha
 24958 | D:2      | Killed Natasha
 25701 | D:4      | Killed TISL's ghost
 25924 | D:10     | Killed Erica
 26384 | D:12     | Found a staircase to the Orcish Mines.
 26557 | D:12     | Found a runed translucent door.
 26560 | D:12     | Noticed Emelap's ghost (journeyman MiBe)
 26560 | D:12     | Identified the +3 trident of the Whale {pain, ^Drain +Blink
                  | rC+ Dex+2}
 26676 | Orc:1    | Entered Level 1 of the Orcish Mines
 26921 | Orc:1    | Noticed Jorgrun
 26936 | Orc:1    | Killed Jorgrun
 27153 | Orc:2    | Entered Level 2 of the Orcish Mines
 27545 | Orc:2    | Found a staircase to the Elven Halls.
 28562 | Orc:2    | Found Laquill's General Store.
 28566 | Orc:2    | Found Donum's General Store.
 28626 | Orc:2    | Bought a scroll of blinking for 112 gold pieces
 28626 | Orc:2    | Bought a potion of curing for 45 gold pieces
 28806 | Orc:2    | Reached skill level 17 in Ranged Weapons
 29011 | Orc:2    | Reached skill level 9 in Dodging
 29013 | Orc:2    | Reached skill level 11 in Fighting
 29117 | Orc:2    | Reached XP level 15. HP: 118/118 MP: 21/21
 29536 | Orc:2    | Found Pattaw's Antique Armour Emporium.
 29536 | Orc:2    | Found Ukextot's Jewellery Shoppe.
 29537 | Orc:2    | Found a one-way gate leading to the halls of Pandemonium.
 29543 | Orc:2    | Bought a helmet for 144 gold pieces
 29916 | D:13     | Found an ornate altar of the Wu Jian Council.
 30096 | D:13     | Noticed Drangen's ghost (journeyman CoHu)
 30099 | D:13     | Found a runed translucent door.
 30948 | D:13     | Found a gate to the Vaults.
 31205 | D:13     | Killed Drangen's ghost
 31206 | D:13     | Reached skill level 10 in Dodging
 31358 | D:14     | Acquired 895 gold pieces
 31434 | D:14     | Found a glowing golden altar of the Shining One.
 31458 | D:14     | Reached skill level 12 in Fighting
 31703 | D:15     | Entered Level 15 of the Dungeon
 32365 | D:15     | Found Voymolaz's Antique Weapon Shop.
 32876 | D:15     | Found a staircase to the Depths.
 32993 | D:15     | Bought a warped sling for 188 gold pieces
 32993 | D:15     | Identified the +2 sling of the Scorching Rat {flame, rPois
                  | rN+} (You bought it in a shop on level 15 of the Dungeon)
 33151 | Swamp:1  | Entered Level 1 of the Swamp
 33714 | Swamp:1  | Found a runed translucent gate.
 33714 | Swamp:1  | Found a runed translucent gate.
 33714 | Swamp:1  | Found a runed translucent gate.
 33721 | Swamp:1  | Reached skill level 1 in Armour
 33750 | Swamp:1  | Noticed crabbyslav's ghost (adept CoAr)
 33750 | Swamp:1  | Noticed Noufimio's ghost (adept KoBr)
 33750 | Swamp:1  | Found the brooch of Shielding {Spirit SH+8}
 33786 | Swamp:1  | Reached skill level 18 in Ranged Weapons
 33813 | Swamp:1  | Reached XP level 16. HP: 129/129 MP: 22/22
 33840 | Swamp:1  | Reached skill level 11 in Dodging
 33844 | Swamp:1  | Reached skill level 2 in Armour
 33938 | Swamp:1  | Reached skill level 13 in Fighting
 33969 | Swamp:1  | Reached skill level 3 in Armour
 33983 | Swamp:1  | Noticed Kirke
 33989 | Swamp:1  | Killed Kirke
 34664 | Swamp:1  | Killed crabbyslav's ghost
 34671 | Swamp:1  | Killed Noufimio's ghost
 34688 | Swamp:1  | Identified the +2 leather armour "Wiymyraecs" {+Inv rC+
                  | Will+}
 35095 | Swamp:2  | Reached skill level 4 in Armour
 36294 | Swamp:2  | Reached skill level 5 in Armour
 36405 | Swamp:3  | Reached skill level 12 in Dodging
 36425 | Swamp:3  | Reached skill level 14 in Fighting
 36908 | Swamp:3  | Noticed a fenstrider witch
 36915 | Swamp:3  | Killed a fenstrider witch
 36916 | Swamp:3  | Reached XP level 17. HP: 139/139 MP: 23/23
 37296 | Swamp:3  | Found an ancient bone altar of Kikubaaqudgha.
 37308 | Swamp:3  | Identified the +6 scimitar "Vojemam" {drain, Dex+3 SInv}
 37419 | Swamp:3  | Reached skill level 15 in Fighting
 37419 | Swamp:3  | Reached XP level 18. HP: 149/149 MP: 24/24
 37428 | Swamp:3  | Found a radiant altar of Vehumet.
 37598 | Swamp:3  | Reached skill level 13 in Dodging
 38149 | Swamp:4  | Entered Level 4 of the Swamp
 38220 | Swamp:4  | Reached skill level 16 in Fighting
 38629 | Swamp:4  | Reached skill level 14 in Dodging
 38943 | Swamp:4  | Noticed the 27-headed Lernaean hydra
 38950 | Swamp:4  | Killed the 27-headed Lernaean hydra
 38961 | Swamp:4  | Got a decaying rune of Zot
 39198 | Spider:1 | Entered Level 1 of the Spider Nest
 39205 | Spider:1 | Reached skill level 17 in Fighting
 39332 | Spider:1 | Reached XP level 19. HP: 161/161 MP: 25/25
 39957 | Spider:2 | Found a runed translucent gate.
 39957 | Spider:2 | Found a runed translucent gate.
 39957 | Spider:2 | Found a runed translucent gate.
 39977 | Spider:2 | Noticed ouz's ghost (adept FoFi)
 39978 | Spider:2 | Noticed Syneil's ghost (adept KoEn)
 40027 | Spider:2 | Reached skill level 15 in Dodging
 40741 | Spider:3 | Reached skill level 18 in Fighting
 41287 | Spider:4 | Entered Level 4 of the Spider Nest
 41317 | Spider:4 | Reached skill level 9 in Evocations
 41441 | Spider:4 | Noticed Louise
 41448 | Spider:4 | Killed Louise
 42383 | Spider:4 | Reached skill level 5 in Spellcasting
 42484 | Spider:4 | Reached skill level 10 in Evocations
 42922 | Spider:4 | Reached XP level 20. HP: 170/170 MP: 28/28
 43137 | Spider:4 | Got a gossamer rune of Zot
 43426 | D:9      | Killed Psyche
 43572 | D:12     | Killed Emelap's ghost
 43765 | Elf:1    | Entered Level 1 of the Elven Halls
 44126 | Elf:1    | Reached skill level 16 in Dodging
 44147 | Elf:1    | Reached skill level 11 in Evocations
 44154 | Elf:1    | Reached skill level 19 in Ranged Weapons
 44158 | Elf:1    | Reached skill level 6 in Spellcasting
 44581 | Elf:1    | Found Qopi's Jewellery Emporium.
 44581 | Elf:1    | Found Qomobbikk's Assorted Antiques.
 44583 | Elf:1    | Found Lecu's Book Emporium.
 44585 | Elf:1    | Found Loypibeatz's Assorted Antiques.
 44593 | Elf:1    | Bought a potion of heal wounds for 155 gold pieces
 44593 | Elf:1    | Bought a wand of roots (1) for 74 gold pieces
 44596 | Elf:1    | Bought a potion of heal wounds for 135 gold pieces
 44596 | Elf:1    | Bought 2 potions of enlightenment for 270 gold pieces
 44780 | Elf:1    | Found a huge runed translucent gate.
 44782 | Elf:1    | Found a huge runed translucent gate.
 44782 | Elf:1    | Found a huge runed translucent gate.
 44782 | Elf:1    | Found a huge runed translucent gate.
 44788 | Elf:1    | Found a huge runed translucent gate.
 44788 | Elf:1    | Found a huge runed translucent gate.
 44789 | Elf:1    | Found a huge runed translucent gate.
 44789 | Elf:1    | Found a huge runed translucent gate.
 44789 | Elf:1    | Found a huge runed translucent gate.
 44789 | Elf:1    | Found a huge runed translucent gate.
 44790 | Elf:1    | Found a huge runed translucent gate.
 44790 | Elf:1    | Found a huge runed translucent gate.
 44790 | Elf:1    | Found a huge runed translucent gate.
 44790 | Elf:1    | Found a huge runed translucent gate.
 44792 | Elf:1    | Found a huge runed translucent gate.
 44792 | Elf:1    | Found a huge runed translucent gate.
 44792 | Elf:1    | Found a huge runed translucent gate.
 44793 | Elf:1    | Found a huge runed translucent gate.
 44793 | Elf:1    | Found a huge runed translucent gate.
 44797 | Elf:1    | Found a huge runed translucent gate.
 45490 | Elf:2    | Noticed a Brimstone Fiend
 45738 | Elf:2    | Found a glacial archway.
 45816 | IceCv    | Entered an ice cave
 46137 | IceCv    | Reached skill level 12 in Evocations
 46369 | IceCv    | Reached skill level 7 in Spellcasting
 46751 | Elf:2    | Found a runed translucent gate.
 46752 | Elf:2    | Found a runed translucent gate.
 46752 | Elf:2    | Found a runed translucent gate.
 46790 | Elf:2    | Paralysed by an air elemental for 1 turns
 46900 | Elf:2    | Noticed Roxanne
 46907 | Elf:2    | Killed Roxanne
 47132 | Elf:2    | Identified the serpent talisman of Lugonu's Benevolence
                  | {*Slow +Blink Int+4}
 47132 | Elf:2    | Noticed Aizul
 47145 | Elf:2    | Killed Aizul
 47155 | Elf:2    | Reached skill level 13 in Evocations
 47329 | Elf:2    | Reached XP level 21. HP: 177/177 MP: 32/32
 47693 | Elf:3    | Entered Level 3 of the Elven Halls
 47693 | Elf:3    | Found Has Cimaolic's Antique Weapon Shoppe.
 47765 | Elf:3    | Found Viazyph's Antique Armour Emporium.
 47780 | Elf:3    | Bought a polished helmet for 351 gold pieces
 47780 | Elf:3    | Identified the +1 helmet of Lesser Demons {Int+5} (You
                  | bought it in a shop on level 3 of the Elven Halls)
 47780 | Elf:3    | Bought a bloodstained leather armour for 259 gold pieces
 47780 | Elf:3    | Identified the +2 leather armour "Unexi Irej" {Fly Str+4}
                  | (You bought it in a shop on level 3 of the Elven Halls)
 47796 | Elf:3    | Reached skill level 8 in Spellcasting
 47877 | Elf:3    | Found Boudausuat's Jewellery Shoppe.
 47881 | Elf:3    | Found Oqiumuk's Book Shoppe.
 48232 | Elf:3    | Acquired the +3 greatsling "Punk" {acid, rCorr}
 48232 | Elf:3    | Found the +3 greatsling "Punk" {acid, rCorr}
 48326 | Elf:3    | Reached skill level 17 in Dodging
 48438 | Elf:3    | Reached skill level 14 in Evocations
 49248 | Elf:3    | Identified the amulet "Liyrrug" {Acrobat Int+3}
 49285 | Elf:3    | Identified the ring "Udar" {rF+ Str-4 Int+6 Dex+7}
 49486 | Elf:3    | Identified the +1 chain mail of the Other Side {rF- Regen+
                  | Str+4}
 49501 | Elf:3    | Identified the +1 scale mail of Violets {rN+ MP+9 Int+3}
 49506 | Elf:3    | Identified the +1 orcbow of Awkwardness {elec, rElec rN+
                  | Will+ Str-3}
 49545 | Elf:3    | Reached skill level 20 in Ranged Weapons
 49549 | Elf:3    | Identified the staff of the Middle {rF+ Earth}
 49567 | Elf:3    | Identified the ring "Fidwunau" {rC+ MP+9 Str+2 Int+4
                  | Stlth+}
 49593 | Elf:3    | Got Taacvil's Experienced Willworking
 50042 | Vaults:1 | Entered Level 1 of the Vaults
 50395 | Vaults:1 | Identified the amulet "Soqocij" {Spirit *Slow rC+++ Str-4
                  | Dex+3}
 50454 | Vaults:1 | Reached skill level 9 in Spellcasting
 50815 | Vaults:1 | Reached skill level 15 in Evocations
 51517 | Vaults:2 | Reached XP level 22. HP: 184/184 MP: 35/35
 51705 | Vaults:2 | Found a staircase to the Crypt.
 51751 | Vaults:2 | You are sucked into a shaft and drop 1 floor!
 51937 | Vaults:2 | Found Jyvomir's Distillery.
 51951 | Vaults:2 | Bought a potion of curing for 36 gold pieces
 51951 | Vaults:2 | Bought 2 potions of curing for 72 gold pieces
 51951 | Vaults:2 | Bought a potion of curing for 36 gold pieces
 51951 | Vaults:2 | Bought a potion of enlightenment for 60 gold pieces
 51951 | Vaults:2 | Bought a potion of mutation for 96 gold pieces
 51951 | Vaults:2 | Gained mutation: You have a pair of small horns on your
                  | head. [potion of mutation]
 51951 | Vaults:2 | Lost mutation: You have a pair of small horns on your head.
                  | [potion of mutation]
 51951 | Vaults:2 | Gained mutation: You possess an exceptional clarity of
                  | mind. [potion of mutation]
 52143 | Vaults:2 | Reached skill level 10 in Spellcasting
 52144 | Vaults:2 | Reached skill level 16 in Evocations
 52275 | Vaults:2 | Reached skill level 18 in Dodging
 52324 | Vaults:2 | Found a portal to a secret trove of treasure.
 52566 | Vaults:2 | Found Hixiuk's Jewellery Shop.
 52940 | Vaults:3 | Reached XP level 23. HP: 190/190 MP: 37/37
 53100 | Vaults:3 | Found Xedwoqos's Assorted Antiques.
 53106 | Vaults:3 | Bought a scroll labelled YSTIAM XIASEPU for 40 gold pieces
 53106 | Vaults:3 | Bought a scroll of blinking for 300 gold pieces
 53323 | Vaults:3 | Reached skill level 19 in Dodging
 53668 | Vaults:3 | Noticed Saint Roka
 53678 | Vaults:3 | Killed Saint Roka
 53833 | Vaults:3 | Noticed Mennas
 53841 | Vaults:3 | Killed Mennas
 54016 | Vaults:4 | Found Bebosov's Book Emporium.
 54397 | Vaults:4 | Reached skill level 20 in Dodging
 54475 | Vaults:4 | Reached XP level 24. HP: 197/197 MP: 37/37
 54627 | Vaults:4 | Noticed Jory
 54636 | Vaults:4 | Killed Jory
 54670 | Vaults:4 | Reached skill level 6 in Armour
 55474 | Depths:1 | Entered Level 1 of the Depths
 55643 | Depths:1 | Reached skill level 17 in Evocations
 55687 | Depths:1 | Reached skill level 7 in Armour
 55863 | Depths:1 | Reached skill level 11 in Spellcasting
 56061 | Depths:1 | Found a gateway to Hell.
 56203 | Depths:2 | Noticed Asterion
 56208 | Depths:2 | Killed Asterion
 56334 | Depths:2 | You are sucked into a shaft and drop 1 floor!
 56671 | Depths:2 | Found a runed translucent door.
 56672 | Depths:2 | Found a shimmering altar of Xom.
 56672 | Depths:2 | Noticed Baicef's ghost (veteran MfIE)
 56672 | Depths:2 | Found the +3 crown of Dyrovepreva {rElec Int+2 SInv}
 56722 | Depths:2 | Killed Baicef's ghost
 56912 | Depths:2 | Reached skill level 8 in Armour
 56938 | Depths:2 | Noticed Grunn
 56950 | Depths:2 | Reached skill level 18 in Evocations
 56953 | Depths:2 | Killed Grunn
 57160 | Depths:2 | Noticed a juggernaut
 57165 | Depths:2 | Killed a juggernaut
 57178 | Depths:2 | Found a one-way gate to the infinite horrors of the Abyss.
 57454 | Depths:3 | Reached skill level 9 in Armour
 57458 | Depths:3 | Reached XP level 25. HP: 204/204 MP: 38/38
 57467 | Depths:3 | Reached skill level 12 in Spellcasting
 57703 | Depths:3 | Reached skill level 19 in Evocations
 58239 | Depths:4 | Entered Level 4 of the Depths
 58256 | Depths:4 | Found a shadowy altar of Dithmenos.
 58270 | Depths:4 | Reached skill level 10 in Armour
 58301 | Depths:4 | Found a one-way gateway to a ziggurat.
 58670 | Depths:4 | Found a white marble altar of Elyvilon.
 58929 | Depths:4 | Reached skill level 20 in Evocations
 58992 | Depths:4 | Reached skill level 13 in Spellcasting
 59023 | Depths:4 | Found a gate to the Realm of Zot.
 59488 | Vaults:5 | Entered Level 5 of the Vaults
 59494 | Vaults:5 | Reached skill level 11 in Armour
 59947 | Vaults:5 | Identified the +1 short sword "Merokan" {venom, rF- MP+9
                  | Int+4}
 59968 | Vaults:5 | Identified the staff of Xeoni {rElec rC+ Int+2 Air}
 60120 | Vaults:5 | Noticed an ancient lich
 60140 | Vaults:5 | Killed an ancient lich
 60242 | Vaults:5 | Noticed a dread lich
 60252 | Vaults:5 | Reached skill level 12 in Armour
 60335 | Vaults:5 | Noticed a dread lich
 60343 | Vaults:5 | Killed a dread lich
 60344 | Vaults:5 | Reached XP level 26. HP: 211/211 MP: 40/40
 60347 | Vaults:5 | Reached skill level 14 in Spellcasting
 60559 | Vaults:5 | Identified the serpent talisman "Kustran" {Int+4}
 60784 | Vaults:5 | Acquired 1196 gold pieces
 60836 | Vaults:5 | Found Anugen's Distillery.
 60842 | Vaults:5 | Bought a potion of heal wounds for 75 gold pieces
 60844 | Vaults:5 | Found Zirph's Jewellery Shop.
 60852 | Vaults:5 | Identified the +8 orcbow of Fresh Forgiveness {flame, rCorr
                  | Str+2 Int+3}
 61032 | Vaults:5 | Identified the +6 quarterstaff "Ycwyejac" {drain, +Blink
                  | Fly rPois}
 61310 | Vaults:5 | Got a silver rune of Zot
 61857 | Zot:1    | Entered Level 1 of the Realm of Zot
 61869 | Zot:1    | Reached skill level 13 in Armour
 62406 | Zot:1    | Reached skill level 15 in Spellcasting
 63359 | Zot:2    | Reached skill level 14 in Armour
 63529 | Zot:2    | Reached skill level 19 in Fighting
 63532 | Zot:2    | Learned a level 1 spell: Apportation
 63537 | Zot:2    | Learned a level 4 spell: Maxwell's Portable Piledriver
 63878 | Zot:2    | Reached XP level 27. HP: 221/221 MP: 42/42
 63927 | Zot:2    | Got Nusev's Monograph on the Serac and Fulmination
 63929 | Zot:2    | Got the Incunabulum of the Cumulonimbus and Phantasms
 64532 | Zot:3    | Reached skill level 16 in Spellcasting
 64689 | Zot:3    | Reached skill level 15 in Armour
 64934 | Zot:3    | Identified the +2 double sword of Eghakk {heavy, *Noise rF+
                  | Will++ Dex+2}
 65114 | Zot:3    | Identified the +1 long sword "Ipluts" {vamp, *Slow rElec
                  | Str+8 Int+2 SInv}
 65589 | Zot:3    | Reached skill level 20 in Fighting
 66460 | Zot:4    | Found a runed translucent door.
 66464 | Zot:4    | Noticed Hakotaro's ghost (master OpCj)
 66844 | Zot:4    | Reached skill level 16 in Armour
 66921 | Zot:4    | Reached skill level 17 in Spellcasting
 67441 | Zot:5    | Entered Level 5 of the Realm of Zot
 67908 | Zot:5    | Noticed a dread lich
 67911 | Zot:5    | Noticed a dread lich
 67920 | Zot:5    | Noticed an orb of fire
 67944 | Zot:5    | Got the Orb of Zot
 67966 | Zot:5    | Reached skill level 17 in Armour
 67969 | Zot:5    | Gained mutation: You are weak. (Str -2) [a cacodemon]
 68058 | Zot:2    | Noticed Zofuz the pandemonium lord
 68228 | Depths:1 | Noticed Xoch the pandemonium lord
 68615 | D:$      | Escaped with the Orb!

Illustrated notes

Levels and vault maps discovered:
D:1:      dpeg_arrival_connections, layout_basic, palyth_stone_intersect,
          minmay_octomino_j4
D:2:      minmay_razor_zed, layout_basic, uniq_natasha, uniq_crazy_yiuf_cottage
D:3:      cheibrodos_thug_alley, layout_loops_ring, old_standard_altar,
          serial_bayou_pond_e
D:4:      layout_loops_ring, old_standard_altar, mainiacjoe_overflow_paths,
          gammafunk_ghost_mausoleum
D:5:      layout_loops_ring, old_standard_altar,
          mainiacjoe_overflow_surrounded_room, mainiacjoe_overflow_boulevard,
          serial_shops, shop, uniq_menkaure
D:6:      lemuel_castle_with_subvaults [lemuel_castle_interior_carwin_1],
          layout_cave_pods
D:7:      layout_basic, temple_statues, minmay_liquid_box,
          nicolae_shop_i_like_big_books
D:8:      layout_basic, zin_treasury
D:9:      layout_rooms, uniq_psyche, uniq_jeremiah
D:10:     layout_basic, old_standard_altar, lemuel_crystal_altar, uniq_erica
D:11:     layout_roguey [special_room_orc], lair_entry_dummy, uniq_fannar
D:12:     layout_basic, orc_0_dummy, ebering_ghost_funeral_grove
D:13:     layout_cave_pods, grunt_vaults_entry_tiered,
          hellmonk_ghost_happy_afterlife, nzn_wu_jian_contemplation
D:14:     layout_basic, tso_altar
D:15:     grunt_enter_depths_snipers, layout_rooms, serial_shops,
          nicolae_shop_tiny_real_fake_doors, serial_park_square2, st_stairs_10
Temple:   dshaligram_water_room_temple
Lair:1:   layout_misc_corridors, ebering_ghost_xom, beast_lair_carwin_11,
          uniq_maggie
Lair:2:   layout_hall_layers, swamp_mist_pool
Lair:3:   layout_small_grid, nicolae_spider_entry_orb_guardian, minmay_holes
Lair:4:   layout_gridlike, minmay_slime_entry_pillars, wad_woods_river_01
Lair:5:   hangedman_lair_tendril_chambers, layout_misc_corridors,
          guppyfry_lair_end_dragon, eino_house_with_fridge, uniq_nessos
Swamp:1:  layout_basic_swamp, gammafunk_ghost_cemetery, serial_swamp_ruin,
          hangedman_swamp_ruin_hall, evilmike_swamp_ruin_wall,
          evilmike_swamp_ruin_rubble_2, swamp_pool_3, st_shrine_of_shade,
          infiniplex_staircase_pool, uniq_kirke
Swamp:2:  layout_basic_swamp, evilmike_swamp_ruin_house_5, swamp_pool_4,
          infiniplex_staircase_pool_2
Swamp:3:  nzn_winding_woodlands_cross
          [nzn_winding_woodlands_5x15_pathside_ponds,
          nzn_winding_woodlands_5x15_eye, nzn_winding_woodlands_5x15_concentric,
          nzn_winding_woodlands_5x15_crooked,
          nzn_winding_woodlands_15x15_witchcraft], layout_basic_swamp,
          lemuel_altar_in_water2, swamp_pool_3, grunt_ruined_hall
Swamp:4:  grunt_swamp_rune_castle, layout_basic_swamp, swamp_pool_1_2,
          hangedman_swamp_blocks
Spider:1: layout_spider_delve, hangedman_spider_tarantella_strand
Spider:2: layout_spider_delve, gammafunk_ghost_cemetery
Spider:3: layout_spider_delve
Spider:4: spider_rune_water, einodemon_crawler_minivault, uniq_louise
Orc:1:    layout_diamond_mine, uniq_jorgrun
Orc:2:    pf_orc_diabolical, layout_diamond_mine
Elf:1:    elf_arrival_001, layout_gridlike, hangedman_elf_represent,
          minmay_misc_feat_columns, roderic_lattice_octagonal_star,
          minmay_shoptagon
Elf:2:    nicolae_elf_blades_crystal_corner, layout_loops_cross,
          portal_ice_cave_entry_pillars_2, st_stairs_5, uniq_aizul, uniq_roxanne
Elf:3:    minmay_elf_hall, layout_onion_city, serial_shops,
          nicolae_shop_dealshenge, nicolae_shop_getting_attention,
          nicolae_shop_tiny_waterfront, nicolae_shop_statue_plus, minivault_23
Vaults:1: nicolae_vaults_yaktaur_gun_rack, hangedman_vaults_stitches,
          hangedman_vaults_nodes, nicolae_vaults_storage_closets_3,
          nicolae_vaults_network_barrier, nicolae_vaults_trapezoid_1,
          v_alt_pattern_2, vaults_room_hallway, nicolae_vaults_diamond_2,
          vaults_room_door_ring, layout_vaults_omnicross
Vaults:2: v_pattern_5, nicolae_vaults_double_plus_2,
          minmay_crypt_entry_simple_corners, nicolae_vaults_trapezoid_layered,
          hangedman_vaults_cutoff, vaults_mumra_minichess,
          nicolae_vaults_little_guard_posts, v_misc_31, grunt_vaults_swirl,
          nicolae_vaults_lightning_bolt, lightli_orcish_oven,
          nicolae_vaults_trapezoid_lopsided_2, ontoclasm_vaults_ring_small,
          ontoclasm_vaults_shuriken, nicolae_vaults_tetromino_T_2,
          vaults_room_grid, nicolae_vaults_trapezoid_lopsided_3,
          layout_vaults_maze_bifur, nicolae_trove_entry_diagonal, serial_shops,
          shop, nicolae_shop_gaudy_bauble
Vaults:3: ontoclasm_vaults_tryst, nicolae_vaults_trapezoid_2,
          grunt_vaults_funnel, nicolae_vaults_closet_pinwheel_1,
          nicolae_vaults_mush_room, ontoclasm_vaults_hangar,
          nicolae_vaults_tetromino_T_1, nicolae_vaults_little_squares_5,
          v_alt_pattern_3, nicolae_vaults_double_plus_1, grunt_vaults_twisty,
          ontoclasm_vaults_twist, hangedman_vaults_hat, v_pattern_1,
          nicolae_vaults_tetromino_Z_1, vaults_room_fours,
          ontoclasm_vaults_pinch, layout_vaults_omnibox, serial_shops, shop,
          uniq_margery, uniq_mennas, uniq_saint_roka
Vaults:4: nicolae_vaults_closet_pinwheel_6, nicolae_vaults_sesquioval_fish,
          nicolae_vaults_windows_and_doors_thing, nicolae_vaults_house_3,
          hangedman_vaults_slice, v_alt_pattern_1, hangedman_vaults_restitches,
          v_misc_11, layout_vaults_omnigrid, serial_shops, shop, uniq_jory
Vaults:5
Depths:1: layout_cave_pools, hell_entry, chequers_serial_rivers_large_b,
          feat_on_display
Depths:2: cross_vault, layout_twisted_cross, pf_coc_iceberg, abyss_entry,
          minivault_11, pan_entry, ebering_ghost_xom,
          infiniplex_staircase_river, uniq_asterion, uniq_grunn
Depths:3: hangedman_cross_veins, layout_cave_pools, hell_entry, abyss_entry,
          infiniplex_staircase_x
Depths:4: grunt_zot_entry_hairpin, layout_cave_shapes, enter_ziggurat_b,
          abyss_entry_small_statue_room, nicolae_hell_entry_hellmouth_sunbeams,
          nicolae_elyvilon_peaceful_grove, grunt_dithmenos_smoke_and_mirrors,
          serial_bayou_shore_b
Zot:1:    layout_concentric_octagons, zot_minivault_1, grunt_megastairs_5
Zot:2:    kennysheep_oblong_rooms, layout_twisted_circle
Zot:3:    hangedman_zot_vaults_quadrants, layout_cathedral_of_symmetry,
          bh_zot_ikea_curve
Zot:4:    layout_gridlike, ebering_ghost_reflecting_pool
Zot:5:    layout_basic

Skill      XL: |  1  2  3  4  5  6  7  8  9 10 11 12 13 14 15 16 17 18 19 20 21 22 23 24 25 26 27 |
---------------+----------------------------------------------------------------------------------+-----
Ranged Weapons | 2 3 4 5 6 9 11 13 14 15 17 18 19 20 | 20.9
Stealth        | 1 2 3 |  3.0
Fighting       | 3 4 6 8 10 11 12 14 15 17 18 19 20 | 20.0
Dodging        | 2 4 6 8 9 10 12 14 15 16 17 18 20 | 20.0
Evocations     | 2 6 8 10 13 15 16 18 20 | 20.0
Translocations | 1 4 5 |  5.0
Hexes          | 3 5 |  5.0
Spellcasting   | 3 4 5 7 9 10 11 13 15 17 | 17.9
Armour         | 1 5 9 12 14 17 | 17.3
Fire Magic     | |  0.8

Action                     |  1- 3 |  4- 6 |  7- 9 | 10-12 | 13-15 | 16-18 | 19-21 | 22-24 | 25-27 || total
---------------------------+-------+-------+-------+-------+-------+-------+-------+-------+-------++-------
  Melee: Sling             |       |     2 |       |     2 |       |       |       |       |       ||     4
   Fire: Sling             |   196 |   360 |   622 |  1690 |   919 |   595 |   928 |       |       ||  5310
         Hand cannon       |       |       |       |       |   695 |   595 |  1140 |   704 |  1323 ||  4457
         Greatsling        |       |       |       |       |       |       |   212 |   704 |  1323 ||  2239
  Throw: Throwing net      |       |     1 |       |       |       |       |       |       |       ||     1
   Cast: Jinxbite          |       |       |    15 |    67 |    17 |       |       |       |       ||    99
         Blink             |       |       |       |     9 |     2 |     1 |       |       |       ||    12
 Invoke: Call Merchant     |       |       |       |       |     2 |       |       |       |       ||     2
         Bribe Branch      |       |       |       |       |       |       |       |       |     2 ||     2
Ability: Invent Gizmo      |       |       |       |       |     1 |       |       |       |       ||     1
  Evoke: Wand              |       |       |     1 |     6 |     1 |     2 |     1 |     3 |     8 ||    22
    Use: Scroll            |     2 |     6 |     1 |    20 |     7 |     6 |     2 |       |    17 ||    61
         Potion            |       |     3 |     4 |     3 |     5 |     2 |     1 |     3 |     7 ||    28
 Armour: Robe              |    14 |    41 |    52 |   208 |    81 |    98 |   145 |    39 |   145 ||   823
  Dodge: Dodged            |    19 |    22 |    66 |   185 |   129 |   179 |   291 |   157 |   430 ||  1478
  Block: Other             |       |       |       |       |       |    35 |    84 |    29 |    65 ||   213

Table legend: (Time is in decaauts)
 A = Elapsed time spent in this place.
 B = Non-inter-level travel time spent in this place.
 C = Inter-level travel time spent in this place.
 D = Time resting spent in this place.
 E = Time spent auto-exploring this place.
 F = Levels seen in this place.
 G = Mean time per level.
                   A        B        C        D        E       F      G
               +--------+--------+--------+--------+--------+-----+--------+
         Total |  68144 |  62448 |   5696 |  13604 |  38569 |  49 | 1390.7 |
       Dungeon |  23797 |  20845 |   2952 |   5288 |  12267 |  15 | 1586.5 |
        Temple |     26 |     14 |     12 |      0 |      0 |   1 |   26.0 |
          Lair |   7339 |   6902 |    437 |   2052 |   3828 |   5 | 1467.8 |
         Swamp |   6151 |   5919 |    232 |   2223 |   2754 |   4 | 1537.8 |
   Spider Nest |   4020 |   3747 |    273 |     10 |   3033 |   4 | 1005.0 |
  Orcish Mines |   3166 |   2946 |    220 |   1086 |   1493 |   2 | 1583.0 |
   Elven Halls |   5303 |   5040 |    263 |   1559 |   2774 |   3 | 1767.7 |
        Vaults |   7478 |   6964 |    514 |    605 |   5128 |   5 | 1495.6 |
        Depths |   3939 |   3560 |    379 |    154 |   2617 |   4 |  984.8 |
           Zot |   6128 |   5717 |    411 |    471 |   4223 |   5 | 1225.6 |
      Ice Cave |    790 |    790 |      0 |    151 |    450 |   1 |  790.0 |
               +--------+--------+--------+--------+--------+-----+--------+

Top non-repeatable levels by time:
     D:3: 2625 daAuts
  Lair:5: 2502 daAuts
     D:8: 2469 daAuts
   Orc:2: 2320 daAuts
     D:6: 2283 daAuts
   Elf:3: 2168 daAuts
     D:2: 2097 daAuts
Vaults:5: 1971 daAuts
Spider:4: 1910 daAuts
 Swamp:3: 1887 daAuts
   Zot:3: 1864 daAuts
   Elf:1: 1858 daAuts
    D:13: 1852 daAuts
 Swamp:1: 1780 daAuts
  Lair:1: 1754 daAuts

Table legend:
 A = Kills in this place as a percentage of kills in the entire game.
 B = Kills by you in this place as a percentage of kills by you in the entire game.
 C = Kills by friends in this place as a percentage of kills by friends in the entire game.
 D = Other kills in this place as a percentage of other kills in the entire game.
 E = Experience gained in this place as a percentage of experience gained in the entire game.
 F = Experience gained in this place divided by the number of levels of this place that you have seen.
                   A       B       C       D       E      F
               +-------+-------+-------+-------+-------+----------------------
         Total | 100.0 | 100.0 | 100.0 | 100.0 | 100.0 | 26372.3
       Dungeon |  21.8 |  22.1 |   0.0 |   0.0 |   5.7 | 4923.3
          Lair |   6.7 |   6.8 |   0.0 |   0.0 |   3.1 | 8038.0
         Swamp |   8.4 |   8.5 |   4.0 |   0.0 |   9.1 | 29491.8
   Spider Nest |  11.0 |  11.2 |   0.0 |   0.0 |   7.8 | 25079.0
  Orcish Mines |   4.7 |   4.8 |   0.0 |   0.0 |   1.8 | 11411.5
   Elven Halls |   7.5 |   7.5 |   0.0 |  12.5 |   9.6 | 41312.7
        Vaults |  15.5 |  14.6 |  84.0 |  50.0 |  21.7 | 56185.8
        Depths |  10.7 |  10.9 |   0.0 |   0.0 |  16.0 | 51731.5
           Zot |  11.6 |  11.5 |  12.0 |  37.5 |  23.8 | 61455.6
      Ice Cave |   2.2 |   2.2 |   0.0 |   0.0 |   1.4 | 18029.0
               +-------+-------+-------+-------+-------+----------------------
